TOP OF THE 1ST |
Philadelphia Phillies batting - Pitching for Washington Nationals : RHP Corey Kluber
|
Pitching: RHP Corey Kluber
|
|
Batting: LHB Leonys Martin
|
0-0: Bunt for hit to 15 - play at first, batter OUT! 1-3
|
Batting: RHB Amed Rosario
|
0-0: Ball 1-0: SOLO HOME RUN (Flyball, 9D), Distance : 379 ft
|
Batting: LHB Justin Bour
|
0-0: Swinging Strike 0-1: Ball 1-1: Foul Ball, location: 2F 1-2: Ball 2-2: SINGLE (Line Drive, 34D)
|
Batting: RHB Todd Frazier
|
0-0: Ball 1-0: Swinging Strike 1-1: Swinging Strike 1-2: Ball 2-2: Foul Ball, location: 2F 2-2: Foul Ball, location: 2F 2-2: Fly out, F6 (Popup, 56D)
|
Batting: RHB Scott Kingery
|
0-0: SINGLE (Line Drive, 8RS) Justin Bour to second
|
Batting: RHB Carlos Tocci
|
0-0: Called Strike 0-1: Swinging Strike 0-2: Ball 1-2: Foul Ball, location: 2F 1-2: Ball 2-2: Ball 3-2: Foul Ball, location: 2F 3-2: Foul Ball, location: 2F 3-2: Strikes out swinging
|
Top of the 1st over - 1 run, 3 hits, 0 errors, 2 left on base; Philadelphia 1 - Washington 0 |
BOTTOM OF THE 1ST |
Washington Nationals batting - Pitching for Philadelphia Phillies : RHP Doug Fister
|
Pitching: RHP Doug Fister
|
|
Batting: LHB Joe Panik
|
0-0: Called Strike 0-1: Foul Ball, location: 2F 0-2: Fly out, F7 (Flyball, 7)
|
Batting: LHB Andrew Benintendi
|
0-0: Ball 1-0: Foul Ball, location: 2F 1-1: Called Strike 1-2: Ball 2-2: Ground out 4-3 (Groundball, 4)
|
Batting: RHB Marcell Ozuna
|
0-0: Called Strike 0-1: Ball 1-1: Ball 2-1: Foul Ball, location: 2F 2-2: Ball 3-2: Ground out 1-3 (Groundball, 15)
|
Bottom of the 1st over - 0 runs, 0 hits, 0 errors, 0 left on base; Philadelphia 1 - Washington 0 |
TOP OF THE 2ND |
Philadelphia Phillies batting - Pitching for Washington Nationals : RHP Corey Kluber
|
Batting: RHB Dustin Peterson
|
0-0: Ball 1-0: Ball 2-0: Ball 3-0: Called Strike 3-1: Ground out 4-3 (Groundball, 4S)
|
Batting: LHB Brett Sullivan
|
0-0: Called Strike 0-1: Called Strike 0-2: Strikes out swinging
|
Batting: LHB Doug Fister
|
0-0: Foul Ball, location: 2F 0-1: SINGLE (Line Drive, 9S)
|
Batting: LHB Leonys Martin
|
0-0: Foul Ball, location: 2F 0-1: Ball 1-1: Swinging Strike 1-2: Strikes out looking
|
Top of the 2nd over - 0 runs, 1 hit, 0 errors, 1 left on base; Philadelphia 1 - Washington 0 |
BOTTOM OF THE 2ND |
Washington Nationals batting - Pitching for Philadelphia Phillies : RHP Doug Fister
|
Batting: RHB Yulieski Gurriel
|
0-0: Called Strike 0-1: Ground out 6-3 (Groundball, 6)
|
Batting: LHB Yonder Alonso
|
0-0: Ball 1-0: Ball 2-0: Called Strike 2-1: Swinging Strike 2-2: Foul Ball, location: 2F 2-2: Ball 3-2: Base on Balls
|
Batting: RHB Chris Taylor
|
0-0: Foul Ball, location: 2F 0-1: Swinging Strike 0-2: Ball 1-2: Ball 2-2: Grounds into double play, 4-6-3 (Groundball, 4)
|
Bottom of the 2nd over - 0 runs, 0 hits, 0 errors, 0 left on base; Philadelphia 1 - Washington 0 |
TOP OF THE 3RD |
Philadelphia Phillies batting - Pitching for Washington Nationals : RHP Corey Kluber
|
Batting: RHB Amed Rosario
|
0-0: DOUBLE (Flyball, 8RD)
|
Batting: LHB Justin Bour
|
0-0: Ball 1-0: Ball 2-0: Foul Ball, location: 2F 2-1: Foul Ball, location: 2F 2-2: Ground out 6-3 (Groundball, 4M) Amed Rosario to third
|
Batting: RHB Todd Frazier
|
0-0: Foul Ball, location: 2F 0-1: Ball 1-1: Swinging Strike 1-2: Foul Ball, location: 2F 1-2: Ground out 1-3 (Groundball, P)
|
Batting: RHB Scott Kingery
|
0-0: Called Strike 0-1: Ball 1-1: Fly out, F9 (Flyball, 89S)
|
Top of the 3rd over - 0 runs, 1 hit, 0 errors, 1 left on base; Philadelphia 1 - Washington 0 |
BOTTOM OF THE 3RD |
Washington Nationals batting - Pitching for Philadelphia Phillies : RHP Doug Fister
|
Batting: RHB Tyler Flowers
|
0-0: Foul Ball, location: 2F 0-1: Swinging Strike 0-2: Foul Ball, location: 2F 0-2: Ball 1-2: Fly out, F4 (Popup, 34)
|
Batting: RHB Corey Kluber
|
0-0: Fly out, F8 (Line Drive, 8LD)
|
Batting: SHB Aaron Hicks
|
0-0: Ball 1-0: Foul Ball, location: 2F 1-1: Ball 2-1: Ball 3-1: Called Strike 3-2: SOLO HOME RUN (Flyball, 9LD), Distance : 341 ft
|
Batting: LHB Joe Panik
|
0-0: Foul Ball, location: 2F 0-1: Ball 1-1: Ball 2-1: Foul Ball, location: 2F 2-2: Foul Ball, location: 2F 2-2: Ball 3-2: SINGLE (Line Drive, 5D)
|
Batting: LHB Andrew Benintendi
|
0-0: Ball 1-0: Called Strike 1-1: Foul Ball, location: 2F 1-2: Foul Ball, location: 2F 1-2: Ball 2-2: Strikes out swinging
|
Bottom of the 3rd over - 1 run, 2 hits, 0 errors, 1 left on base; Philadelphia 1 - Washington 1 |
TOP OF THE 4TH |
Philadelphia Phillies batting - Pitching for Washington Nationals : RHP Corey Kluber
|
Batting: RHB Carlos Tocci
|
0-0: Fly out, F9 (Flyball, 89M)
|
Batting: RHB Dustin Peterson
|
0-0: Called Strike 0-1: Foul Ball, location: 2F 0-2: Ball 1-2: SINGLE (Flyball, 78S)
|
Batting: LHB Brett Sullivan
|
0-0: Ball Wild Pitch! Dustin Peterson to second 1-0: Ball 2-0: Called Strike 2-1: Fly out, F7 (Flyball, 7LSF)
|
Batting: LHB Doug Fister
|
0-0: Ground out 5-3 (Groundball, 56)
|
Top of the 4th over - 0 runs, 1 hit, 0 errors, 1 left on base; Philadelphia 1 - Washington 1 |
BOTTOM OF THE 4TH |
Washington Nationals batting - Pitching for Philadelphia Phillies : RHP Doug Fister
|
Batting: RHB Marcell Ozuna
|
0-0: Ball 1-0: Swinging Strike 1-1: Ball 2-1: SINGLE (Groundball, 34D)
|
Batting: RHB Yulieski Gurriel
|
0-0: Ball 1-0: Grounds into double play, 6-4-3 (Groundball, 6)
|
Batting: LHB Yonder Alonso
|
0-0: Swinging Strike 0-1: Ball 1-1: Ground out 4-3 (Groundball, 4)
|
Bottom of the 4th over - 0 runs, 1 hit, 0 errors, 0 left on base; Philadelphia 1 - Washington 1 |
TOP OF THE 5TH |
Philadelphia Phillies batting - Pitching for Washington Nationals : RHP Corey Kluber
|
Batting: LHB Leonys Martin
|
0-0: Called Strike 0-1: SINGLE (Groundball, 4MD)
|
Batting: RHB Amed Rosario
|
0-0: Fielders Choice at 2nd, 4-6 (Groundball, 4D)
|
Batting: LHB Justin Bour
|
0-0: Called Strike 0-1: Foul Ball, location: 2F 0-2: Ball 1-2: Ball 2-2: Strikes out swinging
|
Batting: RHB Todd Frazier
|
0-0: Called Strike 0-1: Ball 1-1: Ball 2-1: Called Strike 2-2: Ball 3-2: Fly out, F6 (Popup, 56)
|
Top of the 5th over - 0 runs, 1 hit, 0 errors, 1 left on base; Philadelphia 1 - Washington 1 |
BOTTOM OF THE 5TH |
Washington Nationals batting - Pitching for Philadelphia Phillies : RHP Doug Fister
|
Batting: RHB Chris Taylor
|
0-0: Ball 1-0: Foul Ball, location: 2F 1-1: Fly out, F7 (Flyball, 78S)
|
Batting: RHB Tyler Flowers
|
0-0: Swinging Strike 0-1: Ball 1-1: Ground out 5-3 (Groundball, 56S)
|
Batting: RHB Corey Kluber
|
0-0: Foul Ball, location: 2F 0-1: Ball 1-1: Swinging Strike 1-2: Foul Ball, location: 2F 1-2: Ball 2-2: Foul Ball, location: 2F 2-2: Ball 3-2: Foul Ball, location: 2F 3-2: Ground out 4-3 (Groundball, 4)
|
Bottom of the 5th over - 0 runs, 0 hits, 0 errors, 0 left on base; Philadelphia 1 - Washington 1 |
TOP OF THE 6TH |
Philadelphia Phillies batting - Pitching for Washington Nationals : RHP Corey Kluber
|
Batting: RHB Scott Kingery
|
0-0: Ball 1-0: Called Strike 1-1: DOUBLE (Line Drive, 8RXD)
|
Batting: RHB Carlos Tocci
|
0-0: Called Strike 0-1: Ball 1-1: Ground out 1-3 (Groundball, 15)
|
Batting: RHB Dustin Peterson
|
0-0: Swinging Strike 0-1: Ball 1-1: Called Strike 1-2: Foul Ball, location: 2F 1-2: Ball 2-2: Foul Ball, location: 2F 2-2: Ball 3-2: Strikes out swinging
|
Batting: LHB Brett Sullivan
|
0-0: Intentional Walk
|
Batting: LHB Doug Fister
|
0-0: SINGLE (Groundball, 6MD) Scott Kingery to third Brett Sullivan to second Runner from 3rd tries for Home, SAFE, throw by CF to home
|
Batting: LHB Leonys Martin
|
0-0: Called Strike 0-1: Swinging Strike 0-2: Strikes out swinging
|
Top of the 6th over - 1 run, 2 hits, 0 errors, 2 left on base; Philadelphia 2 - Washington 1 |
BOTTOM OF THE 6TH |
Washington Nationals batting - Pitching for Philadelphia Phillies : RHP Doug Fister
|
Batting: SHB Aaron Hicks
|
0-0: Ball 1-0: Ball 2-0: Swinging Strike 2-1: DOUBLE (Line Drive, 9LS)
|
Batting: LHB Joe Panik
|
0-0: Ball 1-0: Foul Ball, location: 2F 1-1: SINGLE (Line Drive, 6M) Aaron Hicks to third Runner from 3rd tries for Home, SAFE, throw by CF to home Joe Panik to second
|
Batting: LHB Andrew Benintendi
|
0-0: Ball 1-0: Called Strike 1-1: Foul Ball, location: 2F 1-2: Foul Ball, location: 2F 1-2: Foul Ball, location: 2F 1-2: Foul Ball, location: 2F 1-2: Foul Ball, location: 2F 1-2: Ball 2-2: Strikes out looking
|
Batting: RHB Marcell Ozuna
|
0-0: Ball 1-0: Foul Ball, location: 2F 1-1: Ball 2-1: Called Strike 2-2: Foul Ball, location: 2F 2-2: Foul Ball, location: 2F 2-2: 2-RUN HOME RUN (Flyball, 78XD), Distance : 409 ft
|
Pitching: RHP Joe Smith
|
|
Batting: RHB Yulieski Gurriel
|
0-0: Called Strike 0-1: Ground out 5-3 (Groundball, 56S)
|
Batting: LHB Yonder Alonso
|
0-0: Ball 1-0: Called Strike 1-1: Called Strike 1-2: Strikes out looking
|
Bottom of the 6th over - 3 runs, 3 hits, 0 errors, 0 left on base; Philadelphia 2 - Washington 4 |
TOP OF THE 7TH |
Philadelphia Phillies batting - Pitching for Washington Nationals : RHP Corey Kluber
|
Batting: RHB Amed Rosario
|
0-0: Fly out, F9 (Flyball, 9LM)
|
Batting: LHB Justin Bour
|
0-0: Ball 1-0: Ball 2-0: Foul Ball, location: 2F 2-1: DOUBLE (Line Drive, 89D)
|
Pitching: RHP Bud Norris
|
|
Batting: RHB Todd Frazier
|
0-0: Called Strike 0-1: Ground out 6-3 (Groundball, 6)
|
Batting: RHB Scott Kingery
|
0-0: Foul Ball, location: 2F 0-1: Foul Ball, location: 2F 0-2: Strikes out looking
|
Top of the 7th over - 0 runs, 1 hit, 0 errors, 1 left on base; Philadelphia 2 - Washington 4 |
BOTTOM OF THE 7TH |
Washington Nationals batting - Pitching for Philadelphia Phillies : RHP Joe Smith
|
Pitching: RHP Nate Jones
|
|
Batting: RHB Chris Taylor
|
0-0: Ball 1-0: Foul Ball, location: 2F 1-1: Ground out 4-3 (Groundball, 34D)
|
Batting: RHB Tyler Flowers
|
0-0: Called Strike 0-1: Ground out 1-3 (Groundball, 23)
|
Pinch Hitting: SHB Alen Hanson
|
0-0: Ball 1-0: Ball 2-0: Called Strike 2-1: Called Strike 2-2: Strikes out swinging
|
Bottom of the 7th over - 0 runs, 0 hits, 0 errors, 0 left on base; Philadelphia 2 - Washington 4 |
TOP OF THE 8TH |
Philadelphia Phillies batting - Pitching for Washington Nationals : RHP Bud Norris
|
Pitching: LHP Adam Morgan
|
|
Batting: RHB Carlos Tocci
|
0-0: Ball 1-0: Ball 2-0: Foul Ball, location: 2F 2-1: Swinging Strike 2-2: Strikes out swinging
|
Batting: RHB Dustin Peterson
|
0-0: Foul Ball, location: 2F 0-1: Foul Ball, location: 2F 0-2: Ball 1-2: Strikes out swinging
|
Batting: LHB Brett Sullivan
|
0-0: Ball 1-0: Ball 2-0: Ground out U3 (Groundball, 34)
|
Top of the 8th over - 0 runs, 0 hits, 0 errors, 0 left on base; Philadelphia 2 - Washington 4 |
BOTTOM OF THE 8TH |
Washington Nationals batting - Pitching for Philadelphia Phillies : RHP Nate Jones
|
Pitching: RHP Seung-hwan Oh
|
|
Batting: SHB Aaron Hicks
|
0-0: Ball 1-0: Ball 2-0: Called Strike 2-1: Ball 3-1: SINGLE (Line Drive, 34)
|
Batting: LHB Joe Panik
|
0-0: Ball 1-0: Foul Ball, location: 2F 1-1: Fielders Choice at 2nd, 6-4 (Groundball, 6MD)
|
Batting: LHB Andrew Benintendi
|
0-0: Fly out, F7 (Flyball, 7)
|
Batting: RHB Marcell Ozuna
|
0-0: Ball 1-0: Fly out, F9 (Flyball, 9S)
|
Bottom of the 8th over - 0 runs, 1 hit, 0 errors, 1 left on base; Philadelphia 2 - Washington 4 |
TOP OF THE 9TH |
Philadelphia Phillies batting - Pitching for Washington Nationals : LHP Adam Morgan
|
Pinch Hitting: RHB Jesus Aguilar
|
0-0: Swinging Strike 0-1: Foul Ball, location: 2F 0-2: Ball 1-2: Foul Ball, location: 2F 1-2: Foul Ball, location: 2F 1-2: Ball 2-2: Strikes out swinging
|
Pitching: RHP David Robertson
|
|
Batting: LHB Leonys Martin
|
0-0: Foul Ball, location: 2F 0-1: Swinging Strike 0-2: Strikes out swinging
|
Batting: RHB Amed Rosario
|
0-0: SINGLE (Line Drive, 8LS)
|
Batting: LHB Justin Bour
|
0-0: Called Strike 0-1: Foul Ball, location: 2F 0-2: Ball 1-2: Ball 2-2: Foul Ball, location: 2F 2-2: Ball 3-2: Fly out, F9 (Flyball, 89D)
|
Top of the 9th over - 0 runs, 1 hit, 0 errors, 1 left on base; Philadelphia 2 - Washington 4 |
|